 Dungeon Crawl Stone Soup version 0.31-a0-795-g5eb97db20b (webtiles) character file.

Game seed: 612181869196504327

71694 Joey1 the Severer (level 14, 0/135 HPs)
             Began as a Minotaur Fighter on Sept 18, 2023.
             Was the Champion of Okawaru.
             Slain by a salamander (13 damage)
             ... on level 1 of the Snake Pit on Sept 19, 2023.
             The game lasted 01:08:04 (19990 turns).

Joey1 the Severer (Minotaur Fighter)               Turns: 19990, Time: 01:08:05

Health: 0/135      AC: 22    Str: 25    XL:     14   Next: 98%
Magic:  17/23      EV: 15    Int:  9    God:    Okawaru [******]
Gold:   784        SH: 11    Dex: 14    Spells: 13/13 levels left

rFire   . . .        E - +3 war axe
rCold   + . .        c - +0 buckler
rNeg    + . .        D - +4 chain mail {rN+}
rPois   .            Q - +2 hood of the Assassin {Detect Stab+ Stlth++}
rElec   +            W - scarf of Repulsion {shadows, Rampage rC+ Int+4 Slay+4}
rCorr   .            b - +2 pair of gloves {Dex+3}
SInv    .            H - +0 pair of boots {Stlth+}
Will    +++..        P - amulet of Due Proportion {Reflect rElec SH+5}
Stlth   +++          L - ring of willpower
HPRegen 0.42/turn    S - ring of willpower
MPRegen 0.18/turn

%: reflection, rampage
@: lethally poisoned (0 -> -37), about to teleport, heroic, finesse-ful, slowed,
constricted, very slow
A: horns 2, retaliatory headbutt
a: Renounce Religion, Heroism, Finesse, Duel


You were on level 1 of the Snake Pit.
You worshipped Okawaru.
Okawaru was exalted by your worship.
You visited 4 branches of the dungeon, and saw 18 of its levels.
You also visited: Sewer, Ossuary and Volcano.

You collected 1561 gold pieces.
You spent 777 gold pieces at shops.

Inventory:

Hand Weapons
 a - a +0 war axe
 C - a +2 morningstar of holy wrath
 E - a +3 war axe (weapon)
Missiles
 y - 12 curare-tipped darts
 O - 3 throwing nets
Armour
 b - a +2 pair of gloves of dexterity (worn)
 c - a +0 buckler (worn)
 o - a +1 cloak of poison resistance
 D - a +4 chain mail of positive energy (worn)
 H - a +0 pair of boots of stealth (worn)
 Q - the +2 hood of the Assassin (worn) {Detect Stab+ Stlth++}
   (Okawaru gifted it to you on level 11 of the Dungeon)

   Detect:    It allows the wearer to sense nearby creatures.
   Stab+:     It allows the wearer to make particularly effective stabbing
   attacks against helpless or unaware enemies with any weapon.
   Stlth++:   It makes you much more stealthy.
 W - the scarf of Repulsion (worn) {shadows, Rampage rC+ Int+4 Slay+4}
   (Okawaru gifted it to you on level 8 of the Dungeon)

   Int+4:     It affects your intelligence (+4).
   Slay+4:    It affects your accuracy & damage with ranged weapons and melee
   (+4).
   rC+:       It protects you from cold.
   Rampage:   It bestows one free step when moving towards enemies.
Jewellery
 h - the ring "Efaim" {rF+ rN+ Int-3 Dex+4}
   (You bought it in a shop on level 4 of the Dungeon)

   [ring of positive energy]

   Int-3:     It affects your intelligence (-3).
   Dex+4:     It affects your dexterity (+4).
   rF+:       It protects you from fire.
   rN+:       It protects you from negative energy.
 x - an amulet of regeneration
 G - a ring of protection from fire
 L - a ring of willpower (left hand)
 N - a ring of poison resistance
 P - the amulet of Due Proportion (around neck) {Reflect rElec SH+5}
   (You found it on level 10 of the Dungeon)

   [amulet of reflection]

   Reflect:   It reflects blocked missile attacks.
   rElec:     It insulates you from electricity.
   SH+5:      It affects your SH (+5).
 S - a ring of willpower (right hand)
 V - a ring of flight
Wands
 n - a wand of flame (55)
 B - a wand of polymorph (28)
 K - a wand of roots (8)
 M - a wand of light (7)
 U - a wand of mindburst (27)
 X - a wand of digging (16)
Scrolls
 e - 8 scrolls of poison
 f - 2 scrolls of revelation
 l - 8 scrolls of teleportation
 m - 3 scrolls of fog
 p - 2 scrolls of enchant armour
 r - a scroll of vulnerability {unknown}
 s - 3 scrolls of summoning
 u - 5 scrolls of blinking
 v - 3 scrolls of fear
 w - 5 scrolls of enchant weapon
 z - 3 scrolls of amnesia
 R - 2 scrolls of silence {unknown}
 Y - a scroll of noise {unknown}
Potions
 d - 6 potions of might
 g - 5 potions of enlightenment
 i - 7 potions of brilliance
 j - 4 potions of haste
 k - 4 potions of lignification
 q - 4 potions of heal wounds
 t - a potion of magic {unknown}
 A - a potion of cancellation {unknown}
 F - 7 potions of curing
 I - 2 potions of invisibility
 J - a potion of berserk rage {unknown}
 T - a potion of resistance {unknown}
 Z - a potion of mutation {unknown}


   Skills:
 - Level 15.0(20.0) Fighting
 - Level 18.0(23.0) Axes
 - Level 5.0(10.0) Armour
 - Level 16.0(21.0) Dodging
 - Level 5.0(10.0) Shields
 + Level 14.4 Invocations


You had 13 spell levels left.
You didn't know any spells.
Your spell library contained the following spells:

 Spells                   Type           Power      Damage    Failure   Level
 Ensorcelled Hibernation  Hex/Ice        0%         N/A       96%         2
 Jinxbite                 Hex            0%         N/A       96%         2
 Lesser Beckoning         Tloc           0%         N/A       96%         2
 Poisonous Vapours        Pois/Air       0%         N/A       96%         2
 Scorch                   Fire           0%         2d5       96%         2
 Gell's Gravitas          Tloc           0%         N/A       99%         3
 Mephitic Cloud           Conj/Pois/Air  0%         N/A       99%         3
 Ozocubu's Armour         Ice            0%         N/A       99%         3
 Teleport Other           Tloc           0%         N/A       99%         3
 Anguish                  Hex/Necr       0%         N/A       100%        4
 Dimensional Bullseye     Hex/Tloc       0%         N/A       100%        4
 Flame Wave               Conj/Fire      0%         2d4       100%        4
 Iskenderun's Mystic Bla  Conj/Tloc      0%         2d3       100%        4
 Olgreb's Toxic Radiance  Pois           0%         N/A       100%        4
 Freezing Cloud           Conj/Ice/Air   0%         6-21      100%        5
 Dispersal                Tloc           0%         N/A       100%        6
 Ozocubu's Refrigeration  Ice            0%         4d7       100%        7
 Discord                  Hex            0%         N/A       100%        8
 Ignition                 Fire           0%         3d3       100%        8
 Tukima's Dance           Hex            Unusable   N/A       N/A         3
 Summon Cactus Giant      Summ           Unusable   N/A       N/A         6

Dungeon Overview and Level Annotations

Branches:
Dungeon (11/15)            Temple (1/1) D:5            Lair (5/5) D:10
  Swamp (0/4) Lair:2        Snake (1/4) Lair:2        Slime (0/5) Lair:5
  Sewer (visited)         Ossuary (visited)         Volcano (visited)
    Orc: D:9-12

Altars:
Ashenzari
Cheibriados
Dithmenos
Elyvilon
Fedhas
Gozag
Hepliaklqana
Kikubaaqudgha
Makhleb
Nemelex Xobeh
Okawaru
Qazlal
Ru
Sif Muna
Trog
Uskayaw
Vehumet
Wu Jian
Xom
Yredelemnul
Zin
The Shining One
Jiyva
Lugonu

Shops:
D:1 (   D:4 =!**   D:5 =

Portals:
Abyss: Lair:5

Annotations:
Lair:2 exclusion: oklob plant


Innate Abilities, Weirdness & Mutations

You have a pair of horns on your head.
You reflexively headbutt those who attack you in melee.


Message History

The naga mage points at the naga and mumbles some strange words.
The naga seems to grow toxic.
The naga mage constricts you.
You hear an angry hiss.
You hit the naga warrior. The naga warrior blocks your attack.
The naga warrior is heavily wounded.
You hit the naga mage but do no damage. You slash the guardian serpent!
You hit the salamander. You hit the naga but do no damage.
You feel sick. The salamander hits you.
You are engulfed in flames!
The guardian serpent hits you but does no damage.
You closely miss the naga. You hit the naga mage. You hit the guardian serpent.
The naga warrior blocks your attack.
You slash the salamander!
You feel sick. You block the naga warrior's attack.
The naga spits poison at you. The splash of poison hits you.
You are more poisoned.
You have difficulty breathing.
You feel yourself slow down. The naga mage casts a spell at you.
The bolt of poison hits you!
You are more poisoned.
The bolt of poison hits the naga warrior.
The naga warrior is poisoned.
The naga mage constricts you.
As you read the scroll of teleportation, it crumbles to dust.
You feel strangely unstable.
* * * LOW HITPOINT WARNING * * *
You feel extremely sick.
You block the guardian serpent's attack.
The salamander hits you.
* * * LOW HITPOINT WARNING * * *
You are engulfed in flames!
* * * LOW HITPOINT WARNING * * *
The guardian serpent closely misses you.
You furiously retaliate!
You headbutt the guardian serpent! You block the naga warrior's attack.
The naga mage points at the naga mage and mumbles some strange words.
The naga mage seems to grow toxic.
The naga mage constricts you. The naga barely misses you.
You furiously retaliate!
You headbutt the naga! The salamander hits you!
* * * LOW HITPOINT WARNING * * *
You are engulfed in flames!
You die...

#..........#
...........
.#.......!
#........
#.?.....##
.....N†S.#...
.....N@N.....
.....†)N.....
.............
...N.........
#NN..........
.............
.............


You could see a naga warrior (poisoned), a salamander (strong), a naga
ritualist, a guardian serpent, 2 naga magi and 2 nagas.

Vanquished Creatures
  An entropy weaver (shapeshifter) (Lair:5)
  A fire dragon (shapeshifter) (Lair:5)
  The ghost of Tonberry the Destroyer, a journeyman DgCj (Lair:2)
  Fannar (Lair:1)
  A catoblepas (Lair:5)
  Erica (Lair:1)
  6 hydras
  2 boulder beetles
  A centaur warrior (D:8)
  3 death yaks (Lair:5)
  A tengu warrior (D:8)
  4 two-headed ogres
  2 thrashing horrors (Lair:5)
  A sun demon (Volcano)
  A skeletal warrior (D:10)
  3 bog bodies (Lair:2)
  Pikel (D:9)
  An obsidian statue (Volcano)
  6 ugly things
  3 large abominations (Lair:5)
  A mana viper (Lair:2)
  An orc sorcerer (Volcano)
  3 manticores
  An oklob plant (D:10)
  Maurice (D:8)
  2 moths of wrath (Lair:2)
  8 black mambas
  3 elephants (Lair:4)
  8 cane toads
  3 unseen horrors
  Jeremiah (D:9)
  A torpor snail (Lair:5)
  A yaktaur (D:10)
  Psyche (D:9)
  5 rime drakes
  10 komodo dragons
  3 kobold demonologists (D:9)
  6 trolls
  2 raiju (Lair:5)
  2 hornets (Lair:2)
  34 blink frogs
  10 dream sheep
  A vampire (D:8)
  A slime creature (D:7)
  Sigmund (D:4)
  3 ynoxinuls (Lair:5)
  A shadow (D:5)
  A wyvern (D:11)
  2 wraiths
  6 fire bats (Volcano)
  9 spriggans
  51 yaks
  5 basilisks
  Eustachio (D:5)
  4 steam dragons
  2 chaos spawn (Lair:5)
  Grum (D:9)
  A vampire mosquito (D:8)
  2 swamp worms (Lair:2)
  8 small abominations (Lair:5)
  Edmund (D:5)
  20 water moccasins
  5 nagas
  A hell hound (Volcano)
  An acid dragon (D:8)
  7 black bears
  6 orc warriors
  3 sky beasts
  An ice beast (D:6)
  13 centaurs
  An ogre (D:6)
  2 phantoms
  6 wolves
  4 kobold brigands
  14 bullfrogs
  2 gnoll sergeants
  3 scorpions
  16 killer bees
  4 howler monkeys
  3 electric eels
  4 lava snakes (Volcano)
  2 bullfrog zombies (D:4)
  3 hounds
  3 jellies
  8 orc priests
  2 iguanas
  2 sleepcaps
  12 orc wizards
  2 hound zombies (D:4)
  A mummy (Ossuary)
  A howler monkey zombie (D:4)
  Robin (D:4)
  9 gnolls
  13 adders
  3 river rats (Sewer)
  An ufetubus (D:4)
  4 adder zombies (D:4)
  3 adder skeletons (D:4)
  A worm (D:3)
  8 dart slugs
  32 orcs
  6 spectral bats (Ossuary)
  12 ball pythons
  A bat (D:1)
  5 endoplasms
  5 giant cockroaches
  12 gnoll zombies (Ossuary)
  16 goblins
  10 hobgoblins
  8 jackals
  18 kobolds
  3 quokkas
  8 bat simulacra (Ossuary)
  6 frilled lizards
  A goblin simulacrum (Ossuary)
  6 goblin zombies (Ossuary)
  7 hobgoblin zombies (Ossuary)
  4 kobold simulacra (Ossuary)
  A kobold zombie (Ossuary)
  4 orc zombies (Ossuary)
  11 rats
  2 rat simulacra (Ossuary)
  3 spectral goblins (Ossuary)
  2 spectral kobolds (Ossuary)
  2 spectral rats (Ossuary)
629 creatures vanquished.

Vanquished Creatures (others)
  An orc wizard (D:4)
1 creature vanquished.

Grand Total: 630 creatures vanquished

Notes
Turn   | Place    | Note
-------+----------+-------------------------------------------
     0 | D:1      | Joey1 the Minotaur Fighter began the quest for the Orb.
     0 | D:1      | Reached XP level 1. HP: 19/19 MP: 0/0
    54 | D:1      | Reached XP level 2. HP: 24/27 MP: 1/1
   197 | D:1      | Reached skill level 1 in Dodging
   258 | D:1      | Reached XP level 3. HP: 31/33 MP: 2/2
   276 | D:1      | Reached skill level 3 in Axes
   425 | D:1      | Found Hosoreew's Weapon Shoppe.
  1356 | D:2      | Reached XP level 4. HP: 41/41 MP: 3/3
  1572 | D:3      | Found a glowing drain.
  1578 | D:3      | Reached XP level 5. HP: 46/47 MP: 4/4
  1585 | Sewer    | Entered a sewer
  1724 | Sewer    | Reached skill level 4 in Axes
  1874 | Sewer    | Reached skill level 5 in Shields
  1905 | Sewer    | Reached skill level 5 in Fighting
  2245 | D:3      | Found a broken altar of Ashenzari.
  2291 | D:3      | Reached XP level 6. HP: 56/56 MP: 5/5
  2739 | D:4      | Reached skill level 5 in Axes
  2819 | D:4      | Reached skill level 6 in Axes
  2819 | D:4      | Noticed Robin
  2852 | D:4      | Killed Robin
  2855 | D:4      | Reached XP level 7. HP: 50/61 MP: 6/6
  2861 | D:4      | Reached skill level 7 in Axes
  2933 | D:4      | Found Gittefi's Jewellery Shop.
  3100 | D:4      | Found a stormy altar of Qazlal.
  3113 | D:4      | Noticed Sigmund
  3127 | D:4      | Killed Sigmund
  3128 | D:4      | Reached skill level 8 in Axes
  3225 | D:4      | Found Hais's General Store.
  3233 | D:4      | Bought a potion of degeneration for 13 gold pieces
  3233 | D:4      | Bought 6 curare-tipped darts for 93 gold pieces
  3233 | D:4      | Bought a potion of haste for 130 gold pieces
  3254 | D:4      | Found Wapat's Gadget Gallery.
  3331 | D:4      | Reached skill level 9 in Axes
  3340 | D:4      | Found Roobboj's Distillery.
  3503 | D:4      | Found a glowing silver altar of Zin.
  3760 | D:5      | Entered Level 5 of the Dungeon
  3944 | D:5      | Reached XP level 8. HP: 68/68 MP: 7/7
  3967 | D:5      | Found a staircase to the Ecumenical Temple.
  3989 | D:5      | Noticed Eustachio
  4008 | D:5      | Killed Eustachio
  4009 | D:5      | Reached skill level 10 in Axes
  4100 | Temple   | Entered the Ecumenical Temple
  4130 | Temple   | Became a worshipper of Warmaster Okawaru
  4188 | D:5      | Reached skill level 11 in Axes
  4437 | D:5      | Reached * piety under Okawaru
  4440 | D:5      | Reached skill level 12 in Axes
  4482 | D:5      | Found Quesye's Jewellery Shoppe.
  4583 | D:5      | Noticed Edmund
  4602 | D:5      | Killed Edmund
  4785 | D:5      | Reached XP level 9. HP: 66/74 MP: 8/8
  4998 | D:6      | Reached skill level 13 in Axes
  5131 | D:6      | Found a blossoming altar of Fedhas.
  5170 | D:6      | Reached ** piety under Okawaru
  5388 | D:6      | Reached skill level 14 in Axes
  5959 | D:4      | Bought a potion of attraction for 36 gold pieces
  5959 | D:4      | Bought 2 potions of curing for 72 gold pieces
  6335 | D:7      | Reached *** piety under Okawaru
  6336 | D:7      | Reached skill level 15 in Axes
  6367 | D:7      | Found a sparkling altar of Nemelex Xobeh.
  6521 | D:7      | Noticed a troll
  6527 | D:7      | Killed a troll
  6678 | D:7      | Killed an unseen horror
  6679 | D:7      | Reached skill level 16 in Axes
  6679 | D:7      | Reached XP level 10. HP: 59/81 MP: 9/9
  7101 | D:8      | Found a basalt altar of Yredelemnul.
  7118 | D:8      | Found a sand-covered staircase.
  7127 | Ossuary  | Entered an ossuary
  7455 | D:8      | Reached **** piety under Okawaru
  7458 | D:8      | Received a gift from Okawaru
  7465 | D:8      | Found a shimmering altar of Xom.
  7518 | D:8      | Found an ornate altar of the Wu Jian Council.
  7935 | D:8      | Found a burning altar of Makhleb.
  7986 | D:8      | Noticed Maurice
  8026 | D:8      | Maurice stole a +1 flail of holy wrath
  8027 | D:8      | Maurice stole a ring of willpower
  8044 | D:8      | Maurice stole 6 curare-tipped darts
  8045 | D:8      | Killed Maurice
  8086 | D:8      | Noticed a two-headed ogre
  8087 | D:8      | Noticed a two-headed ogre
  8338 | D:8      | Reached skill level 10 in Fighting
  8405 | D:8      | Killed a two-headed ogre
  8405 | D:8      | Reached ***** piety under Okawaru
  8406 | D:8      | Reached skill level 1 in Invocations
  8429 | D:8      | Noticed a cyclops
  8648 | D:9      | Noticed Grum
  8661 | D:9      | Killed Grum
  8690 | D:9      | Reached skill level 5 in Armour
  8725 | D:9      | Reached XP level 11. HP: 99/99 MP: 12/12
  8785 | D:9      | Reached skill level 5 in Dodging
  9079 | D:9      | Noticed a sixfirhy
  9080 | D:9      | Reached skill level 5 in Invocations
  9181 | D:9      | Received a gift from Okawaru
  9191 | D:9      | Noticed Psyche
  9206 | D:9      | Killed Psyche
  9327 | D:9      | Noticed Jeremiah
  9350 | D:9      | Killed Jeremiah
  9411 | D:9      | Found a glowing golden altar of the Shining One.
  9453 | D:9      | Noticed Pikel
  9464 | D:9      | Killed Pikel
  9561 | D:10     | Entered Level 10 of the Dungeon
  9759 | D:10     | Found a staircase to the Lair.
  9789 | D:10     | Found a sacrificial altar of Ru.
  9829 | D:10     | Noticed an oklob plant
  9866 | D:10     | Found a hide-covered altar of Uskayaw.
  9910 | D:10     | Identified the amulet of Due Proportion {Reflect rElec
                  | SH+5}
  9930 | D:10     | Noticed a two-headed ogre
  9946 | D:10     | Noticed a cyan ugly thing
  9950 | D:10     | Killed a two-headed ogre
  9985 | D:10     | Killed a cyan ugly thing
 10144 | D:10     | Identified the staff "Saedas" {rF+ rC+ Will- rCorr Str+4
                  | Fire}
 10144 | D:10     | Noticed a skeletal warrior
 10160 | D:10     | Killed a skeletal warrior
 10161 | D:10     | Reached XP level 12. HP: 47/115 MP: 9/16
 10166 | D:10     | Noticed a boulder beetle
 10269 | D:11     | Received a gift from Okawaru
 10269 | D:11     | Found the +2 hood of the Assassin {Detect Stab+ Stlth++}
 10351 | D:11     | Noticed a two-headed ogre
 10359 | D:11     | Killed a two-headed ogre
 10475 | D:11     | Noticed a boulder beetle
 10495 | D:11     | Killed a boulder beetle
 10989 | D:11     | Reached skill level 15 in Fighting
 11634 | D:10     | Killed a boulder beetle
 11847 | D:8      | Killed a two-headed ogre
 11848 | D:8      | Reached skill level 17 in Axes
 11875 | D:8      | Identified the orb "Tuigh" {mayhem, Harm rElec Will-}
 11881 | D:8      | Noticed a centaur warrior
 11892 | D:8      | Killed a centaur warrior
 12000 | D:8      | Noticed a six-headed hydra
 12013 | D:8      | Killed a six-headed hydra
 12023 | D:8      | Identified the scarf of Repulsion {shadows, Rampage rC+
                  | Int+4 Slay+4} (Okawaru gifted it to you on level 8 of the
                  | Dungeon)
 12023 | D:8      | Received a gift from Okawaru
 12024 | D:8      | Reached skill level 18 in Axes
 12055 | D:8      | Noticed a tengu warrior
 12080 | D:8      | Killed a tengu warrior
 12510 | Lair:1   | Entered Level 1 of the Lair of Beasts
 12514 | Lair:1   | Noticed Erica
 12529 | Lair:1   | Killed Erica
 12705 | Lair:1   | Reached XP level 13. HP: 125/126 MP: 18/18
 13022 | Lair:1   | You fall into a shaft and drop 1 floor!
 13165 | D:4      | Bought the ring "Efaim" {rF+ rN+ Int-3 Dex+4} for 433 gold
                  | pieces
 13300 | Lair:2   | Reached skill level 10 in Invocations
 13335 | Lair:2   | Found a dark tunnel.
 13339 | Volcano  | Entered a volcano
 13431 | Volcano  | Found a bloodstained altar of Trog.
 13690 | Lair:2   | Found a staircase to the Snake Pit.
 13750 | Lair:2   | Reached skill level 10 in Dodging
 13773 | Lair:2   | Found a transporter.
 13773 | Lair:2   | Found a transporter.
 13786 | Lair:2   | Noticed Tonberry's ghost (journeyman DgCj)
 13792 | Lair:2   | Found a hazy altar of Hepliaklqana.
 14332 | Lair:2   | Found a staircase to the Swamp.
 14783 | Lair:3   | Identified the +1 ring mail of the Hills {Regen+ Int+2
                  | Stlth-} (Okawaru gifted it to you on level 3 of the Lair of
                  | Beasts)
 14783 | Lair:3   | Received a gift from Okawaru
 14967 | Lair:3   | Reached ****** piety under Okawaru
 16064 | Lair:4   | Reached skill level 15 in Dodging
 16197 | Lair:4   | Reached XP level 14. HP: 122/135 MP: 20/20
 16768 | Lair:5   | Entered Level 5 of the Lair of Beasts
 16785 | Lair:5   | Identified the +2 robe "Siar" {Drain Will++ MP-9 SInv}
 17757 | Lair:5   | Received a gift from Okawaru
 18245 | Lair:5   | Found a corrupted altar of Lugonu.
 18245 | Lair:5   | Found a one-way gate to the infinite horrors of the Abyss.
 18536 | Lair:5   | Received a gift from Okawaru
 18661 | Lair:5   | Found a staircase to the Slime Pits.
 18662 | Lair:5   | Found a viscous altar of Jiyva.
 19101 | Lair:2   | Found a bloodstained altar of Trog.
 19118 | Lair:2   | Killed Tonberry's ghost
 19612 | Lair:1   | Noticed Fannar
 19616 | Lair:1   | Killed Fannar
 19804 | Snake:1  | Entered Level 1 of the Snake Pit
 19985 | Snake:1  | Identified the +6 broad axe of Truth {heavy, rPois Int-3
                  | Dex+7} (Okawaru gifted it to you on level 1 of the Snake
                  | Pit)
 19985 | Snake:1  | Received a gift from Okawaru
 19990 | Snake:1  | Slain by a salamander

Illustrated notes

Levels and vault maps discovered:
D:1:      dpeg_arrival_stone_temple_mockup, layout_loops_ring, serial_shops,
          nicolae_shop_hallway_stairs, supply_closet_lemuel,
          minmay_misc_feat_tiny, minmay_tetromino_t2
D:2:      layout_basic
D:3:      layout_loops_ring, nicolae_ashenzari_panopticon,
          cheibrodos_sewer_entry_drain, serial_bayou_lagoon_a, st_stairs_14
D:4:      layout_loops_corners, zin_treasury, nicolae_qazlal_general_emergency,
          serial_undead, serial_undead_b, serial_undead_d, serial_undead_b,
          serial_undead_e, serial_undead_e, serial_undead_f, serial_shops,
          nicolae_shop_industrial_runoff, nicolae_shop_advertising_works
          [nicolae_subvault_shop_adworks], nicolae_shop_gibbet_a_chance,
          nicolae_shop_gadgets, uniq_robin, uniq_sigmund
D:5:      layout_basic, minmay_temple_entry_slanted, serial_shops,
          nicolae_shop_gaudy_bauble, minmay_strange_pillars, uniq_eustachio,
          uniq_edmund
D:6:      layout_basic, old_standard_altar
D:7:      layout_rooms, mainiacjoe_overflow_boulevard, skrybe_limestone_x,
          wad_mini_maze
D:8:      minmay_the_grid_octo_triangle [minmay_the_grid_octo_clover_2,
          minmay_the_grid_octo_prize_big_c, minmay_the_grid_octo_concentric],
          layout_loops_corners, yredelemnul_altar_generic,
          lightli_temple_of_fire, chequers_temple_overflow_statue_of_worship,
          lightli_ossuary_entry_decrepit_ruins, uniq_maurice
D:9:      layout_roguey, tso_altar, uniq_psyche, uniq_jeremiah, uniq_pikel,
          uniq_grum
D:10:     layout_irregular_city, mainiacjoe_overflow_alcove_4,
          mainiacjoe_overflow_six_doors_small, dpeg_oklobed_lair,
          minmay_pinched_square
D:11:     layout_layer_cave, kennysheep_boxes
Temple:   hellmonk_temple_beads
Lair:1:   layout_chaotic_city, grunt_forest_large_clearings, uniq_erica,
          uniq_fannar
Lair:2:   layout_chaotic_city, nicolae_swamp_entry_splash_gauntlet,
          guppyfry_snake_entry_garden, gammafunk_ghost_wrathful_warriors,
          nicolae_volcano_entry_lava_flow, lemuel_centaur_altar,
          grunt_megastairs_3
Lair:3:   layout_hall_layers, grunt_megastairs_5
Lair:4:   layout_concentric_octagons
Lair:5:   hellmonk_lair_end_abyssal_woods, layout_gridlike, slime_entry_1,
          st_stairs_5
Snake:1:  layout_layer_cave, serial_shops, shop_fountains, st_stairs_6,
          nrook_guardian_serpent_ordinary, grunt_megastairs_4

Skill      XL: |  1  2  3  4  5  6  7  8  9 10 11 12 13 14 |
---------------+-------------------------------------------+-----
Dodging        | 1 2 3 4 5 15 16 | 16.0
Fighting       | 4 5 10 13 15 | 15.0
Shields        | 4 5 |  5.0
Axes           | 3 4 6 9 12 16 18 | 18.0
Armour         | 5 |  5.0
Invocations    | 3 7 8 10 14 | 14.4

Action                     |  1- 3 |  4- 6 |  7- 9 | 10-12 | 13-15 || total
---------------------------+-------+-------+-------+-------+-------++-------
  Melee: War axe           |    93 |   173 |   264 |   657 |   613 ||  1800
         Headbutt          |    12 |    28 |    51 |   141 |   164 ||   396
         Flail             |       |       |       |     8 |    30 ||    38
  Throw: Dart              |       |       |       |       |     1 ||     1
 Invoke: Heroism           |       |       |       |    10 |     2 ||    12
         Finesse           |       |       |       |     2 |     1 ||     3
    Use: Scroll            |       |       |     8 |     7 |     6 ||    21
   Stab: Sleeping          |       |       |       |       |     1 ||     1
 Armour: Scale mail        |    12 |       |       |       |       ||    12
         Chain mail        |    47 |   144 |   256 |   424 |   368 ||  1239
  Dodge: Dodged            |    40 |    78 |   102 |   233 |   283 ||   736
  Block: Buckler           |    24 |    41 |    60 |   132 |   234 ||   491
         Reflection        |       |       |       |       |    13 ||    13

Table legend: (Time is in decaauts)
 A = Elapsed time spent in this place.
 B = Non-inter-level travel time spent in this place.
 C = Inter-level travel time spent in this place.
 D = Time resting spent in this place.
 E = Time spent auto-exploring this place.
 F = Levels seen in this place.
 G = Mean time per level.
                   A        B        C        D        E       F      G
               +--------+--------+--------+--------+--------+-----+--------+
         Total |  19872 |  18315 |   1557 |   1040 |  12487 |  21 |  946.3 |
       Dungeon |  11844 |  10741 |   1103 |    506 |   7339 |  11 | 1076.7 |
        Temple |     55 |      7 |     48 |      0 |      0 |   1 |   55.0 |
          Lair |   6671 |   6266 |    405 |    518 |   4409 |   5 | 1334.2 |
     Snake Pit |     25 |     25 |      0 |      0 |      0 |   1 |   25.0 |
         Sewer |    697 |    697 |      0 |      0 |    551 |   1 |  697.0 |
       Ossuary |    280 |    280 |      0 |      0 |    163 |   1 |  280.0 |
       Volcano |    299 |    299 |      0 |     16 |     24 |   1 |  299.0 |
               +--------+--------+--------+--------+--------+-----+--------+

Top non-repeatable levels by time:
  Lair:5: 2084 daAuts
     D:8: 1700 daAuts
  Lair:2: 1680 daAuts
    D:10: 1292 daAuts
    D:11: 1209 daAuts
     D:5: 1208 daAuts
     D:4: 1204 daAuts
     D:7: 1152 daAuts
  Lair:1: 1021 daAuts
  Lair:4: 991 daAuts
     D:6: 960 daAuts
     D:9: 905 daAuts
  Lair:3: 892 daAuts
     D:1: 855 daAuts
     D:3: 766 daAuts
